 Dungeon Crawl Stone Soup version 0.25-a0-353-ged6d54792d (webtiles) character file.

Game seed: 17795574390490394052, levelgen mode: deterministic

11370 Gargoyl the Cleaver (level 11, 0/91 HPs)
             Began as a Centaur Abyssal Knight on Dec 31, 2019.
             Was an Elder of Lugonu.
             Slain by a bog body (3 damage)
             ... on level 2 of the Lair of Beasts on Jan 2, 2020.
             The game lasted 00:19:06 (14113 turns).

Gargoyl the Cleaver (Centaur Abyssal Knight)       Turns: 14113, Time: 00:19:07

Health: 0/91       AC: 26    Str: 16    XL:     11   Next: 48%
Magic:  17/17      EV:  3    Int: 11    God:    Lugonu [****..]
Gold:   700        SH:  0    Dex: 11    Spells: 10/10 levels left

rFire    + . .     SeeInvis .   y - +7 war axe
rCold    + . .     Gourm    .   (no shield)
rNeg     . . .     Faith    .   s - +2 plate armour {MR+}
rPois    +         Spirit   .   (no helmet)
rElec    .         Reflect  .   o - +2 cloak
rCorr    .         Harm     .   (no gloves)
MR       +....                  e - +4 centaur barding {rC+}
Stlth    ..........             (no amulet)
HPRegen  0.25/turn              q - ring of poison resistance
MPRegen  0.15/turn              t - ring of protection from fire

@: very quick
A: large, hooves 3, deformed body, speed 2, tough skin 3
a: Depart the Abyss, Bend Space, Banish, Corrupt, Renounce Religion


You were on level 2 of the Lair of Beasts.
You worshipped Lugonu.
Lugonu was greatly pleased with you.
You were not hungry.

You visited 2 branches of the dungeon, and saw 11 of its levels.
You visited the Abyss 1 time.
You also visited: Sewer.

You collected 700 gold pieces.

Inventory:

Hand Weapons
 a - a +1 hand axe
 y - a +7 war axe (weapon)
Missiles
 d - 4 silver javelins (quivered)
 l - 5 boomerangs
Armour
 e - a +4 centaur barding of cold resistance (worn)
 o - a +2 cloak (worn)
 s - a +2 plate armour of magic resistance (worn)
Jewellery
 b - an uncursed ring of protection from cold
 k - an uncursed ring of resist corrosion
 q - a ring of poison resistance (left hand)
 t - a ring of protection from fire (right hand)
 E - a cursed ring of attention {unknown}
Wands
 w - a wand of random effects (16)
Scrolls
 j - a scroll of identify
 m - 3 scrolls of magic mapping
 r - 2 scrolls of remove curse
 x - 3 scrolls of teleportation
Potions
 f - 4 potions of flight
 g - 2 potions of haste
 h - 8 potions of curing
 n - a potion of berserk rage
 p - a potion of resistance
 u - 3 potions of agility
 v - a potion of heal wounds {unknown}
 z - a potion of brilliance {unknown}
 A - a potion of magic {unknown}
 B - 3 potions of lignification
 D - a potion of degeneration {unknown}
 F - 3 potions of might
Comestibles
 c - 11 rations


   Skills:
 + Level 6.8 Fighting
 + Level 9.4 Axes
 + Level 0.5 Throwing
 * Level 7.7 Armour
 * Level 5.4 Dodging
 * Level 8.2 Invocations


You had 10 spell levels left.
You didn't know any spells.
Your spell library contained the following spells:

 Spells                   Type           Power        Failure   Level  Hunger
 Beastly Appendage        Tmut           #.....       100%        1    ##.....
 Confusing Touch          Hex            #.....       100%        1    ##.....
 Corona                   Hex            #......      100%        1    ##.....
 Magic Dart               Conj           #...         100%        1    ##.....
 Searing Ray              Conj           #.....       100%        2    ###....
 Slow                     Hex            #.......     100%        2    ###....
 Sticks to Snakes         Tmut           #.......     100%        2    ###....
 Confuse                  Hex            #.......     100%        3    ####...
 Dazzling Flash           Conj/Hex       #.....       100%        3    ####...
 Gell's Gravitas          Tloc           #.........   100%        3    ####...
 Inner Flame              Hex/Fire       #.......     100%        3    ####...
 Portal Projectile        Hex/Tloc       #.....       100%        3    ####...
 Spider Form              Tmut/Pois      #.........   100%        3    ####...
 Cause Fear               Hex            #.........   100%        4    #####..
 Fulminant Prism          Conj/Hex       #.........   100%        4    #####..
 Ice Form                 Ice/Tmut       #.......     100%        4    #####..
 Iskenderun's Mystic Bla  Conj/Tloc      #.......     100%        4    #####..
 Leda's Liquefaction      Hex/Erth       #.........   100%        4    #####..
 Petrify                  Tmut/Erth      #.......     100%        4    #####..
 Blade Hands              Tmut           #.........   100%        5    ######.
 Metabolic Englaciation   Hex/Ice        #.........   100%        5    ######.
 Yara's Violent Unravell  Hex/Tmut       #.........   100%        5    ######.


Dungeon Overview and Level Annotations

Branches:
Dungeon (9/15)             Temple (0/1) D:5            Lair (2/6) D:9
  Swamp (0/4) Lair:2        Sewer (visited)
  Snake: Lair:2-4    Spider: Lair:2-4       Orc: D:9-12

Altars:
Ashenzari
Dithmenos
Elyvilon
Hepliaklqana
Kikubaaqudgha
Nemelex Xobeh
Okawaru
Sif Muna
Vehumet
Wu Jian
Yredelemnul
The Shining One

Annotations:
Abyss:1 Pikel


Innate Abilities, Weirdness & Mutations

You have hooves in place of feet.
Armour fits poorly on your strangely shaped body.
You cover ground very quickly.
You have extremely tough skin. (AC +3)


Message History

The bog body touches you but does no damage.
You closely miss the electric eel. Your kick misses the electric eel.
The electric eel is moderately wounded.
You slash the bog body! You closely miss the swamp worm.
The electric eel shoots out a bolt of lightning at you!
The bolt of electricity hits you but does no damage.
The swamp worm barely misses you. The bog body hits you!
* * * LOW HITPOINT WARNING * * *
The bog body touches you but does no damage.
You miss the electric eel.
The electric eel is moderately wounded.
You completely miss the bog body. You barely miss the swamp worm.
The swamp worm bites you but does no damage.
The electric eel shoots out a bolt of lightning at you!
The bolt of electricity hits you.
* * * LOW HITPOINT WARNING * * *
The bog body hits you!
* * * LOW HITPOINT WARNING * * *
The bog body touches you.
You die...

##.>....#...# #....#.#.####......
#....###...###.....#....##......
##....##....##.....#.....##......
.#....P#....##.....##............
.......♣ ♣♣♣♣♣♣....##P..##.......
..♣♣♣♣♣♣♣♣♣♣♣♣♣♣♣♣♣♣♣...###......
♣♣♣≈≈≈♣♣≈≈≈≈≈≈§§§§♣♣.............
.....♣...♣.♣..§§§§♣♣.............
...♣...♣......§n@§♣♣.............
♣♣♣≈≈≈≈≈≈≈≈≈♣♣§≈w;♣♣.............
..♣♣♣♣♣♣♣♣♣♣♣♣♣♣♣♣♣............##
.......♣ ♣♣♣ ♣................##
.P....## #.♣ ♣....#.##.P.#P....#
##....####.####.....########...P#
.#....#......##.....#.###P##...##
.+....##......#...+.......#P...#
P.....##.....+....###.........>#


You could see a bog body, a swamp worm and an electric eel.

Vanquished Creatures
  Erolcha (D:9)
  A two-headed ogre (D:8)
  3 spiny frogs (Lair:1)
  A komodo dragon (Lair:1)
  The ghost of iVAG the Destroyer, a novice TeCj of Vehumet (D:4)
  A troll (D:9)
  A hornet (D:9)
  A bog body (Lair:2)
  A hippogriff (Lair:1)
  A spriggan (D:7)
  10 yaks
  A wyvern (Lair:1)
  Eustachio (D:5)
  Menkaure (D:6)
  5 water moccasins
  3 porcupines
  2 orc warriors
  5 black bears
  3 ice beasts
  A sky beast (D:6)
  A phantom (D:6)
  2 centaurs
  3 ogres
  4 wolves
  A crocodile (Lair:1)
  A big kobold (D:8)
  4 bullfrogs
  A scorpion (D:9)
  6 killer bees
  9 wights
  3 howler monkeys
  5 crimson imps
  3 jellies
  4 orc priests
  3 hounds
  Crazy Yiuf (D:2)
  7 orc wizards
  A centaur skeleton (D:9)
  3 iguanas
  A statue (D:5)
  4 worker ants
  A hound skeleton (D:8)
  A worker ant zombie (D:8)
  9 adders
  A shadow imp (D:9)
  An adder zombie (D:9)
  An adder skeleton (D:7)
  2 worms
  2 dart slugs (D:1)
  7 leopard geckos
  20 orcs
  A bat zombie (D:3)
  10 giant cockroaches
  5 goblins
  9 hobgoblins
  7 jackals
  6 quokkas
  10 ball pythons
  7 bats
  5 frilled lizards (Sewer)
  12 kobolds
  A leopard gecko skeleton (D:4)
  12 rats
  2 rat zombies (D:3)
243 creatures vanquished.

Vanquished Creatures (others)
  A hydra (Lair:2)
  A spiny frog (Lair:1)
  A hornet (D:7)
  A porcupine (Lair:1)
  A slave (D:6)
  A jackal (D:6)
  3 fungi
9 creatures vanquished.

Grand Total: 252 creatures vanquished

Notes
Turn   | Place    | Note
-------+----------+-------------------------------------------
     0 | Abyss:1  | Gargoyl the Centaur Abyssal Knight began the quest for the
                  | Orb.
     0 | Abyss:1  | Reached XP level 1. HP: 19/19 MP: 2/2
    49 | Abyss:1  | Found a corrupted altar of Lugonu.
    57 | Abyss:1  | Found a corrupted altar of Lugonu.
   102 | Abyss:1  | Noticed a small abomination
   137 | Abyss:1  | Noticed a ynoxinul
   155 | Abyss:2  | Found a corrupted altar of Lugonu.
   169 | Abyss:2  | Identified a scroll of acquirement
   240 | Abyss:2  | Noticed a jelly
   243 | Abyss:2  | Noticed a ynoxinul
   250 | Abyss:2  | Noticed a rakshasa
   252 | Abyss:2  | Noticed a five-headed hydra simulacrum
   252 | Abyss:2  | Noticed a small abomination
   253 | Abyss:3  | Noticed an earth elemental
   253 | Abyss:3  | Noticed a catoblepas skeleton
   253 | Abyss:3  | Noticed a catoblepas skeleton
   253 | Abyss:3  | Noticed an earth elemental
   253 | Abyss:3  | Noticed an earth elemental
   253 | Abyss:3  | Noticed an earth elemental
   254 | D:1      | Escaped the Abyss
   423 | D:1      | Reached XP level 2. HP: 25/26 MP: 3/3
   537 | D:1      | Reached * piety under Lugonu
  1037 | D:2      | Noticed an ice beast
  1072 | D:2      | Killed an ice beast
  1072 | D:2      | Reached skill level 2 in Axes
  1072 | D:2      | Reached skill level 1 in Dodging
  1072 | D:2      | Reached XP level 3. HP: 31/33 MP: 4/4
  1072 | D:2      | Reached XP level 4. HP: 37/40 MP: 5/5
  1267 | D:2      | Found a runed translucent door.
  1268 | D:2      | Noticed Crazy Yiuf
  1303 | D:2      | Reached XP level 5. HP: 44/46 MP: 7/7
  1337 | D:2      | Found an iron altar of Okawaru.
  1397 | D:2      | Found a sparkling altar of Nemelex Xobeh.
  1511 | D:2      | Reached ** piety under Lugonu
  1848 | D:2      | Killed Crazy Yiuf
  2201 | D:3      | Found a white marble altar of Elyvilon.
  2712 | D:3      | Found a shimmering blue altar of Sif Muna.
  2774 | D:3      | Noticed an ogre
  2777 | D:3      | Killed an ogre
  2777 | D:3      | Reached skill level 3 in Axes
  2777 | D:3      | Reached XP level 6. HP: 47/52 MP: 8/8
  2877 | D:3      | Found an ancient bone altar of Kikubaaqudgha.
  3526 | D:4      | Found a runed translucent door.
  3526 | D:4      | Noticed iVAG's ghost (novice TeCj)
  3608 | D:4      | Found a glowing drain.
  3614 | Sewer    | Entered a sewer
  3695 | Sewer    | Reached *** piety under Lugonu
  3820 | Sewer    | Reached XP level 7. HP: 45/59 MP: 9/9
  4229 | D:4      | Reached skill level 4 in Axes
  4699 | D:4      | Killed iVAG's ghost
  4914 | D:5      | Entered Level 5 of the Dungeon
  4977 | D:5      | Found a staircase to the Ecumenical Temple.
  5041 | D:5      | Found a radiant altar of Vehumet.
  5098 | D:5      | Reached XP level 8. HP: 58/67 MP: 11/11
  5189 | D:5      | Noticed Eustachio
  5216 | D:5      | Reached skill level 5 in Axes
  5219 | D:5      | Killed Eustachio
  5382 | D:5      | Found a hazy altar of Hepliaklqana.
  5866 | D:6      | HP: 3/67 [sky beast (6)]
  6137 | D:6      | Noticed Menkaure
  6149 | D:6      | Killed Menkaure
  6499 | D:6      | Noticed Pikel
  6535 | D:6      | Banished Pikel
  6535 | D:6      | Reached skill level 5 in Fighting
  6535 | D:6      | Reached skill level 5 in Armour
  6535 | D:6      | Reached skill level 5 in Invocations
  6942 | D:6      | Found a shattered altar of Ashenzari.
  6970 | D:6      | Reached skill level 6 in Axes
  6970 | D:6      | Reached XP level 9. HP: 74/74 MP: 12/12
  7301 | D:6      | Upgraded the game from 0.25-a0-346-g140ab784a8 to
                  | 0.25-a0-353-ged6d54792d
  8106 | D:7      | Reached **** piety under Lugonu
  8890 | D:8      | Reached skill level 7 in Axes
  9355 | D:8      | Reached XP level 10. HP: 73/83 MP: 14/14
  9425 | D:8      | Noticed a two-headed ogre
  9433 | D:8      | Killed a two-headed ogre
  9703 | D:8      | Found a basalt altar of Yredelemnul.
  9710 | D:8      | Found a shadowy altar of Dithmenos.
  9829 | D:9      | Reached ***** piety under Lugonu
  9839 | D:9      | Reached skill level 8 in Axes
 10151 | D:9      | Noticed Erolcha
 10154 | D:9      | Found a glowing golden altar of the Shining One.
 10188 | D:9      | Killed Erolcha
 10514 | D:9      | Found an ornate altar of the Wu Jian Council.
 10843 | D:9      | Found a staircase to the Lair.
 10909 | Lair:1   | Entered Level 1 of the Lair of Beasts
 11377 | Lair:1   | Noticed a spiny frog
 11379 | Lair:1   | Noticed a spiny frog
 11386 | Lair:1   | Killed a spiny frog
 11392 | Lair:1   | Killed a spiny frog
 11751 | Lair:1   | Reached XP level 11. HP: 69/91 MP: 16/16
 11934 | Lair:1   | Reached skill level 5 in Dodging
 12643 | Lair:1   | Reached skill level 9 in Axes
 13549 | Lair:2   | Noticed an eight-headed hydra
 13550 | Lair:2   | Banished an eight-headed hydra
 14102 | Lair:2   | Found a staircase to the Swamp.
 14113 | Lair:2   | HP: 3/91 [bog body (14)]
 14113 | Lair:2   | Slain by a bog body

Levels and vault maps discovered:
D:1:      scummos_arrival_gate, layout_loops_ring, minmay_misc_feat_doors
D:2:      layout_loops_ring, nicolae_overflow_crystal_walls,
          overflow_temple_1_default, first_ration, uniq_crazy_yiuf_cottage
D:3:      layout_loops_ring, elyvilon_altar_5,
          lemuel_zombie_altar_kikubaaqudgha, led_sif_pool
D:4:      layout_basic, gup_sewer_entry_bowl, gammafunk_ghost_grave
D:5:      layout_basic, overflow_temple_1_default, vehumet_statue,
          minmay_temple_entry_large_hall, minmay_a_box_with_orc_wizards_in_it,
          uniq_eustachio
D:6:      layout_gridville, lemuel_crystal_altar, serial_glass, glass_columns_c,
          glass_columns_a, uniq_pikel, uniq_menkaure
D:7:      layout_gridville, the_bakery
D:8:      layout_cave_pools, amethyst_overflow_temple_binary
D:9:      layout_loops_ring, tso_metal_star, kennysheep_mini_moat,
          grunt_lair_entry_orc_guard_hut, uniq_erolcha
Lair:1:   layout_gridlike
Lair:2:   layout_regular_city, nicolae_swamp_entry_splash_gauntlet

Skill      XL: |  1  2  3  4  5  6  7  8  9 10 11 |
---------------+----------------------------------+-----
Axes           | 2 3 4 6 7 8 9 |  9.4
Armour         | 2 3 4 5 6 7 |  7.7
Dodging        | 1 2 3 4 5 |  5.4
Fighting       | 4 5 6 |  6.8
Invocations    | 3 4 5 6 7 8 |  8.2
Throwing       | |  0.5

Action                   |  1- 3 |  4- 6 |  7- 9 | 10-12 || total
-------------------------+-------+-------+-------+-------++-------
Melee: Hand axe          |    58 |   243 |   291 |       ||   592
       Kick              |     8 |    40 |    93 |    70 ||   211
       War axe           |       |       |   155 |   259 ||   414
Throw: Javelin           |       |     1 |       |     9 ||    10
Invok: Depart the Abyss  |     1 |       |       |       ||     1
       Banish            |       |       |     2 |     3 ||     5
  Use: Scroll            |     5 |     6 |    12 |     4 ||    27
       Potion            |     2 |     1 |     6 |     1 ||    10
  Eat: Chunk             |       |     7 |    13 |     9 ||    29
       Ration            |       |       |     1 |     2 ||     3
Armor: Chain mail        |    44 |   292 |       |       ||   336
       Plate armour      |       |       |   593 |   321 ||   914
Dodge: Dodged            |     7 |    47 |    49 |    48 ||   151

Table legend:
 A = Non-vault XP
 B = Vault XP
 C = Vault XP percentage of total XP
 D = Non-vault monster count
 E = Vault monster count
 F = Vault count percentage of total count
                 A         B        C        D         E       F
            +---------+---------+-------+---------+---------+-------
      Total |   12838 |    3406 |  21.0 |     205 |      43 |  17.3
            +---------+---------+-------+---------+---------+-------
        D:1 |      27 |       0 |   0.0 |      15 |       0 |   0.0
        D:2 |     222 |      40 |  15.3 |      27 |       1 |   3.6
        D:3 |     265 |       4 |   1.5 |      24 |       3 |  11.1
        D:4 |     196 |     320 |  62.0 |      11 |       5 |  31.2
        D:5 |     237 |     338 |  58.8 |       5 |       5 |  50.0
        D:6 |     714 |     516 |  42.0 |      18 |       2 |  10.0
        D:7 |    1063 |     215 |  16.8 |      17 |       1 |   5.6
        D:8 |    2201 |       0 |   0.0 |      38 |       0 |   0.0
        D:9 |    1383 |    1480 |  51.7 |      20 |       5 |  20.0
     Lair:1 |    4128 |       0 |   0.0 |      18 |       0 |   0.0
     Lair:2 |    2402 |     262 |   9.8 |      12 |       1 |   7.7
      Sewer |       0 |     231 | 100.0 |       0 |      20 | 100.0
            +---------+---------+-------+---------+---------+-------
